[Event "*** Titled Tuesday Blitz"]
[Site "Chess.com"]
[Date "2020.10.27"]
[Round "10"]
[White "chenxiaoyuer"]
[Black "YoungUzbek"]
[Result "0-1"]
[WhiteElo "2514"]
[BlackElo "2747"]
[TimeControl "180+1"]
[EndTime "11:51:42 PDT"]
[Termination "YoungUzbek won by resignation"]

1. e4 c5 2. Nf3 Nf6 3. Nc3 d5 4. exd5 Nxd5 5. Bb5+ Bd7 6. Ne5 Bxb5 7. Qf3 f6 8. Nxb5 Na6 9. Qh5+ g6 10. Nxg6 hxg6 11. Qxh8 Qd7 12. Nc3 Nab4 13. O-O Nxc2 14. Rb1 O-O-O 15.
Qg8 e6 16. Qxg6 f5 17. Re1 Nxe1 0-1

[Event "*** Titled Tuesday Blitz"]
[Site "Chess.com"]
[Date "2020.10.27"]
[Round "10"]
[White "anon102030"]
[Black "venus02"]
[Result "1-0"]
[WhiteElo "2736"]
[BlackElo "2509"]
[TimeControl "180+1"]
[EndTime "11:51:56 PDT"]
[Termination "anon102030 won by resignation"]

1. e4 c5 2. Nc3 a6 3. g3 Nc6 4.
Bg2 b5 5. d3 Rb8 6. Be3 d6 7.
f4 h5 8. Nf3 Bg4 9. h3 Bxf3 10.
Qxf3 Nd4 11. Qf2 e5 12. O-O Nf6 13. fxe5 dxe5 14. Bg5 Be7 15. Nd5 Nxc2 16. Bxf6 1-0

[Event "*** Titled Tuesday Blitz"]
[Site "Chess.com"]
[Date "2020.10.27"]
[Round "10"]
[White "Jungle_Jaguar"]
[Black "LileKoridze"]
[Result "1-0"]
[WhiteElo "2614"]
[BlackElo "2377"]
[TimeControl "180+1"]
[EndTime "11:51:58 PDT"]
[Termination "Jungle_Jaguar won by resignation"]

1. e4 c5 2. Nf3 d6 3. d4 cxd4 4.
Nxd4 Nf6 5. Nc3 Nc6 6. Bc4 e6 7. Be3 a6 8. Qe2 Be7 9. O-O-O Qc7 10. Bb3 O-O 11. g4 b5 12. g5 Nd7 13. Rhg1 Nc5 14. a3 Bb7 15. Rg3 Rac8 16. Rh3 h5 17. Qxh5 1-0

[Event "*** Titled Tuesday Blitz"]
[Site "Chess.com"]
[Date "2020.10.27"]
[Round "10"]
[White "katchesskat"]
[Black "Triumphmate"]
[Result "0-1"]
[WhiteElo "2257"]
[BlackElo "2405"]
[TimeControl "180+1"]
[EndTime "11:52:11 PDT"]
[Termination "Triumphmate won by checkmate"]

1. c4 d5 2. cxd5 c6 3. dxc6 Nxc6 4. e3 e5 5. a3 Nf6 6. b4 Bd6 7. d3 Bf5 8. Ra2 O-O 9. Nc3 Rc8 10. Nge2 Nxb4 11.
axb4 Bxb4 12. Bd2 Bxd3 13. Rxa7 Bxe2 14. Nxe2 Qb6 15. Ra1 Rfd8 16. Ra2 Ne4 17. Rb2 Nxd2 18. Rxd2 Bxd2+ 19. Qxd2 Qb1+ 20. Nc1 Rxc1+ 21. Ke2 Rxd2+ 22. Kf3 Rxf1 23. h4 Rdxf2+ 24. Kg4 Qg6+ 25. Kh3 Qxg2# 0-1

[Event "*** Titled Tuesday Blitz"]
[Site "Chess.com"]
[Date "2020.10.27"]
[Round "10"]
[White "FMOlexandrProhorov"]
[Black "AnnaChessLook"]
[Result "1/2-1/2"]
[WhiteElo "2122"]
[BlackElo "2233"]
[TimeControl "180+1"]
[EndTime "11:52:18 PDT"]
[Termination "Game drawn by agreement"]

1. Nf3 Nf6 2. c4 c5 3. d4 g6 4. Nc3 Bg7 5. g3 O-O 6. Bg2 d6 7. O-O Nc6 8. dxc5 dxc5 9. Be3 Qa5 10. Qa4 Qb4 11. Qxb4 cxb4 12. Nd5 Nxd5 13. cxd5 Ne5 14. Bc5 Re8 15. Bxb4 Nxf3+ 16. Bxf3 Bxb2 17. Rab1 Bf6 18. Rfc1 1/2-1/2

[Event "*** Titled Tuesday Blitz"]
[Site "Chess.com"]
[Date "2020.10.27"]
[Round "10"]
[White "LogoCzar"]
[Black "Fh2411"]
[Result "0-1"]
[WhiteElo "2374"]
[BlackElo "2527"]
[TimeControl "180+1"]
[EndTime "11:52:30 PDT"]
[Termination "Fh2411 won by resignation"]

1. e4 c6 2. d4 d5 3. e5 Bf5 4. h4 h5 5. c4 e6 6. Nc3 Ne7 7. Bg5 Qa5 8. Bd3 Bxd3 9. Qxd3 Qa6 10. b3 Nd7 11. Nge2 Nb6 12. O-O dxc4 13. bxc4 Qxc4 14. Qe3 Nf5 15. Qf4 Bb4 16. Rac1 Bxc3 17. Nxc3 Qxd4 18.
Ne4 O-O 19. Rfd1 Nd5 20. Qh2 Qxe4 0-1

[Event "*** Titled Tuesday Blitz"]
[Site "Chess.com"]
[Date "2020.10.27"]
[Round "10"]
[White "mapleaff"]
[Black "Dream2World_Number1"]
[Result "0-1"]
[WhiteElo "2372"]
[BlackElo "2164"]
[TimeControl "180+1"]
[EndTime "11:52:30 PDT"]
[Termination "Dream2World_Number1 won by resignation"]

1. e4 g6 2. h4 Bg7 3. h5 d5 4. exd5 Qxd5 5. Nc3 Qa5 6. Bc4 Nc6 7. Nf3 Bg4 8. hxg6 hxg6 9. Rxh8 Bxh8 10. d3 Ne5 11. Bb3 O-O-O 12. Be3 Nxf3+ 13. gxf3 Bxc3+ 14. bxc3 Qxc3+ 15. Ke2 Bh5 16. Bxf7 Qf6 17. Kd2 Qxf7 18. Rb1 Bxf3 19. Qg1 Nf6 20. Qg3 Ne4+ 0-1

[Event "*** Titled Tuesday Blitz"]
[Site "Chess.com"]
[Date "2020.10.27"]
[Round "10"]
[White "A-Fier"]
[Black "AIROPITO7"]
[Result "1-0"]
[WhiteElo "2770"]
[BlackElo "2606"]
[TimeControl "180+1"]
[EndTime "11:52:31 PDT"]
[Termination "A-Fier won by resignation"]

1. d4 Nf6 2. g4 Nxg4 3. e4 Nf6 4. e5 Ng8 5. Nc3 d6 6. f4 dxe5 7. fxe5 c5 8. d5 e6 9. d6 Qh4+ 10. Ke2 Nc6 11. Nf3 Nd4+ 12. Qxd4 Qxd4 13. Nxd4 cxd4 14. Nb5 Kd8 15. Nxd4 f6 16. Bf4 fxe5 17. Bxe5 Kd7 18. Rd1 Nf6 19. c4 Ng4 20. Bg3 e5 21. Bh3 exd4 22.
Bxg4+ Kc6 23. Bf3+ Kc5 24. b4+ Kxb4 25. Rb1+ Kc5 26.
Rb5+ Kxc4 27. Rhb1 d3+ 28. Kd2 a5 29. Bf2 1-0

[Event "*** Titled Tuesday Blitz"]
[Site "Chess.com"]
[Date "2020.10.27"]
[Round "10"]
[White "nubair1198"]
[Black "Colombiano07"]
[Result "1-0"]
[WhiteElo "2800"]
[BlackElo "2321"]
[TimeControl "180+1"]
[EndTime "11:52:31 PDT"]
[Termination "nubair1198 won by resignation"]

1. d4 d5 2. c4 c6 3. Nf3 Nf6 4. Nc3 a6 5. a4 a5 6. cxd5 cxd5 7. Bf4 Na6 8. e3 Bg4 9. Bb5+ Bd7 10. O-O e6 11. Be2 Bb4 12. Nb5 O-O 13. Ne5 Be8 14. Rc1 Rc8 15. Bd3 Be7 16. Rxc8 Qxc8 17. Qd2 Nb4 18.
Rc1 Qd8 19. Bb1 Nd7 20. Nd3 Nb6 21. Bc7 1-0

[Event "*** Titled Tuesday Blitz"]
[Site "Chess.com"]
[Date "2020.10.27"]
[Round "10"]
[White "ENajer77"]
[Black "KacperPolOK"]
[Result "1-0"]
[WhiteElo "2702"]
[BlackElo "2437"]
[TimeControl "180+1"]
[EndTime "11:52:34 PDT"]
[Termination "ENajer77 won by resignation"]

1. d4 f5 2. Bf4 Nf6 3. e3 e6 4. Be2 Be7 5. c4 O-O 6. Nc3 b6 7. Bf3 c6 8. d5 Bb4 9. Ne2 Bb7 10. a3 Bxc3+ 11. Nxc3 c5 12. dxe6 Bxf3 13. Qxf3 Nc6 14. Rd1 Qe7 15. exd7 Ne5 16. Bxe5 Qxe5 17. O-O Rad8 18.
Qc6 Qe7 19. Nd5 Nxd5 20. Rxd5 Kh8 21. g3 h6 22. Rfd1 Kh7 23. Rd6 Rf7 24. Re6 1-0

[Event "*** Titled Tuesday Blitz"]
[Site "Chess.com"]
[Date "2020.10.27"]
[Round "10"]
[White "zverr1"]
[Black "MF1966Idrisov"]
[Result "0-1"]
[WhiteElo "2442"]
[BlackElo "2350"]
[TimeControl "180+1"]
[EndTime "11:52:35 PDT"]
[Termination "MF1966Idrisov won by resignation"]

1. d4 Nf6 2. c4 e6 3. Nf3 b6 4. Nc3 Bb7 5. Qc2 d5 6. Bg5 Be7 7. e3 O-O 8. cxd5 Nxd5 9. Bxe7 Qxe7 10. Nxd5 Bxd5 11. Bd3 Bxf3 12. gxf3 Qb4+ 13. Ke2 g6 14. h4 Nd7 15. h5 Kg7 16. Rag1 Rh8 17. hxg6 hxg6 18. Bxg6 Rxh1 19. Be4+ Rxg1 20. Bxa8 Qe1+ 21. Kd3 Qd1+ 22. Qxd1 Rxd1+ 23. Kc4 Rf1 24. Kb5 Rxf2 25. Kc6 Nf6 26. b4 Rxf3 27. Kxc7 Rxe3 28. b5 Ra3 29.
Bb7 Rxa2 30. Ba6 Nd5+ 31. Kb7 f5 32. Kxa7 f4 0-1

[Event "*** Titled Tuesday Blitz"]
[Site "Chess.com"]
[Date "2020.10.27"]
[Round "10"]
[White "MoreChessJulia"]
[Black "azikom"]
[Result "0-1"]
[WhiteElo "2059"]
[BlackElo "2547"]
[TimeControl "180+1"]
[EndTime "11:52:43 PDT"]
[Termination "azikom won by resignation"]

1. d4 d6 2. c4 Nd7 3. Nc3 e5 4. d5 Be7 5. e4 Ngf6 6. f3 O-O 7. Bg5 Nh5 8. Bxe7 Qxe7 9. Qd2 Nc5 10. O-O-O Nf4 11.
g3 Ng6 12. b4 Na6 13. a3 f5 14. exf5 Bxf5 15. g4 Bd7 16. Ne4 Nf4 17. Ne2 Nb8 18. h3 a5 19. b5 Be8 20. Nxf4 Rxf4 21. Be2 Nd7 22. Rdf1 Bg6 23. Bd3 b6 24. h4 Raf8 25.
h5 Bxe4 26. Bxe4 Nc5 27. Qe2 Qf6 28. Kc2 Nxe4 0-1

[Event "*** Titled Tuesday Blitz"]
[Site "Chess.com"]
[Date "2020.10.27"]
[Round "10"]
[White "TST2014"]
[Black "pavelalexandru07"]
[Result "1-0"]
[WhiteElo "2479"]
[BlackElo "2342"]
[TimeControl "180+1"]
[EndTime "11:52:47 PDT"]
[Termination "TST2014 won by resignation"]

1. d4 Nf6 2. c4 c5 3. d5 e6 4. Nc3 exd5 5. cxd5 d6 6. e4 g6 7.
Bd3 Bg7 8. h3 O-O 9. Nf3 b5 10.
Bxb5 Nxe4 11. Nxe4 Qa5+ 12. Nfd2 Qxb5 13. Nxd6 Qa6 14.
N2c4 Nd7 15. O-O Ne5 16. Nxe5 Bxe5 17. Nxc8 Rfxc8 18. a4 c4 19. Ra3 Rab8 20. Qe2 Qf6 21. Rf3 Qg7 22. Re3 Bxb2 23. d6 Bf6 24. d7 Rf8 25. Re8 c3 26. Bf4 Rc8 1-0

[Event "*** Titled Tuesday Blitz"]
[Site "Chess.com"]
[Date "2020.10.27"]
[Round "10"]
[White "MathiasWomacka"]
[Black "Akhayan"]
[Result "1-0"]
[WhiteElo "2493"]
[BlackElo "2262"]
[TimeControl "180+1"]
[EndTime "11:52:53 PDT"]
[Termination "MathiasWomacka won by resignation"]

1. e4 e6 2. d4 d5 3. Nd2 c5 4. exd5 Qxd5 5. Ngf3 cxd4 6. Bc4 Qd8 7. O-O Nf6 8. Nb3 Nc6 9. Nbxd4 Nxd4 10.
Nxd4 a6 11. Re1 Qc7 12. Bf1 Bd6 13. Nf5 Bxh2+ 14. Kh1 O-O 15. Nxg7 Kxg7 16. Qd4 e5 17.
Qh4 Bf4 18. Bxf4 exf4 19. Qg5+ Kh8 20. Qxf6+ Kg8 21. Re5 h6 22. Rh5 Re8 23. Rxh6 1-0

[Event "*** Titled Tuesday Blitz"]
[Site "Chess.com"]
[Date "2020.10.27"]
[Round "10"]
[White "niki_2003"]
[Black "mr65"]
[Result "0-1"]
[WhiteElo "1899"]
[BlackElo "2200"]
[TimeControl "180+1"]
[EndTime "11:53:05 PDT"]
[Termination "mr65 won by resignation"]

1. d4 Nf6 2. c4 g6 3. Nc3 Bg7 4. e4 d6 5. Nf3 O-O 6. Be2 Na6 7. O-O e5 8. Be3 Ng4 9. Bg5 Qe8 10. d5 h6 11. Bd2 f5 12. Qc1 Kh7 13. a3 Nc5 14.
exf5 gxf5 15. b4 Ne4 16. Nxe4 fxe4 17. Ne1 Qg6 18. c5 Bf5 19. f3 e3 20. Bxe3 Nxe3 21. Qxe3 e4 22. f4 Bxa1 0-1

[Event "*** Titled Tuesday Blitz"]
[Site "Chess.com"]
[Date "2020.10.27"]
[Round "10"]
[White "Dr_crypt"]
[Black "Nils_03"]
[Result "1-0"]
[WhiteElo "2455"]
[BlackElo "2261"]
[TimeControl "180+1"]
[EndTime "11:53:07 PDT"]
[Termination "Dr_crypt won by resignation"]

1. d4 f5 2. Nf3 Nf6 3. Bg5 e6 4. Nbd2 d5 5. c4 c6 6. e3 Be7 7. Bxf6 Bxf6 8. Bd3 O-O 9. Qc2 Nd7 10. cxd5 cxd5 11.
O-O b6 12. Qc6 Qe7 13. Qxa8 Ba6 14. Qxf8+ Nxf8 15. Bxa6 f4 16. e4 b5 17. exd5 exd5 18.
Bxb5 g5 19. Rfe1 Qg7 20. Ne5 g4 21. Bc6 g3 22. Bxd5+ Kh8 23. Rac1 Qh6 24. Nf7+ 1-0

[Event "*** Titled Tuesday Blitz"]
[Site "Chess.com"]
[Date "2020.10.27"]
[Round "10"]
[White "ChronicUnhappiness"]
[Black "Vanina1989"]
[Result "0-1"]
[WhiteElo "2373"]
[BlackElo "2612"]
[TimeControl "180+1"]
[EndTime "11:53:11 PDT"]
[Termination "Vanina1989 won by resignation"]

1. c4 e6 2. Nf3 d5 3. g3 Nf6 4. d4 Bb4+ 5. Bd2 Be7 6. Bg2 O-O 7.
O-O Nbd7 8. Qb3 b6 9. Ne5 Bb7 10. Bf4 c5 11. cxd5 Nxe5 12. Bxe5 Nxd5 13. e4 Nb4 14.
dxc5 bxc5 15. a3 c4 16. Qxc4 Ba6 17. Qb3 Bxf1 18. Bxf1 Nc6 19. Bxg7 Kxg7 20. Qc3+ Nd4 0-1

[Event "*** Titled Tuesday Blitz"]
[Site "Chess.com"]
[Date "2020.10.27"]
[Round "10"]
[White "pfalcon1949"]
[Black "Kazmin_Dmitrij"]
[Result "0-1"]
[WhiteElo "2022"]
[BlackElo "2276"]
[TimeControl "180+1"]
[EndTime "11:53:18 PDT"]
[Termination "Kazmin_Dmitrij won by resignation"]

1. c4 Nf6 2. Nc3 g6 3. g3 Bg7 4. Bg2 c6 5. e4 d6 6. Nge2 O-O 7. O-O Be6 8. d3 Qd7 9. f4 Bh3 10. f5 Bxg2 11. Kxg2 Na6 12. Be3 b5 13. b3 b4 14. Nb1 Nc7 15. Nd2 Ng4 16. Bd4 Bxd4 17. Nxd4 Ne3+ 18. Kg1 Nxd1 19. Raxd1 a5 20. Rf4 Ne8 21.
Rdf1 Qa7 22. Nf3 a4 23. Kg2 axb3 24. axb3 c5 25. Nb5 Qa2+ 26. Rf2 Qxb3 27. Ng5 Ra2 28. fxg6 Rxf2+ 29. Rxf2 hxg6 30. h4 Qxd3 31. Rf3 Qxc4 32. Na7 Qa6 0-1

[Event "*** Titled Tuesday Blitz"]
[Site "Chess.com"]
[Date "2020.10.27"]
[Round "10"]
[White "madmax011"]
[Black "IngOscarArdila"]
[Result "0-1"]
[WhiteElo "1848"]
[BlackElo "2157"]
[TimeControl "180+1"]
[EndTime "11:53:20 PDT"]
[Termination "IngOscarArdila won by resignation"]

1. d4 Nf6 2. c4 g6 3. Nf3 Bg7 4. g3 d6 5. Bg2 O-O 6. O-O Nbd7 7.
Nc3 e5 8. e4 exd4 9. Nxd4 Re8 10. Re1 Nc5 11. Qc2 a5 12. Be3 Ng4 13. Rad1 Nxe3 14.
Rxe3 Bd7 15. f4 f5 16. Re2 fxe4 17. Nxe4 Bg4 18. Nxc5 Bxd4+ 19. Rxd4 Rxe2 20. Qd3 Qe7 21. Ne4 Re8 22. Nc3 Rxb2 23. h3 Qe1+ 24. Kh2 Qf2 0-1

[Event "*** Titled Tuesday Blitz"]
[Site "Chess.com"]
[Date "2020.10.27"]
[Round "10"]
[White "Natalya_Buksa"]
[Black "mjray79"]
[Result "1-0"]
[WhiteElo "2551"]
[BlackElo "2456"]
[TimeControl "180+1"]
[EndTime "11:53:21 PDT"]
[Termination "Natalya_Buksa won by checkmate"]

1. d4 Nf6 2. Nc3 g6 3. Bg5 Bg7 4. e4 d6 5. e5 Nfd7 6. f4 O-O 7. h4 h6 8. h5 hxg5 9. hxg6 fxg6 10. Bc4+ Rf7 11. e6 Rxf4 12. exd7+ Kf8 13. dxc8=Q Qxc8 14. Nge2 Rf5 15. Qd2 Nc6 16. O-O-O e6 17. Rdf1 d5 18. Bd3 Rxf1+ 19. Rxf1+ Kg8 20. Qxg5 Nb4 21. Bxg6 c5 22. Qh5 cxd4 23. Qh7# 1-0

[Event "*** Titled Tuesday Blitz"]
[Site "Chess.com"]
[Date "2020.10.27"]
[Round "10"]
[White "Mbneu"]
[Black "gagtemp"]
[Result "1-0"]
[WhiteElo "2195"]
[BlackElo "1961"]
[TimeControl "180+1"]
[EndTime "11:53:23 PDT"]
[Termination "Mbneu won by resignation"]

1. d4 Nf6 2. c4 g6 3. Nc3 Bg7 4. e4 d6 5. f4 O-O 6. Nf3 c5 7. d5 e6 8. Be2 exd5 9. cxd5 Qa5 10. O-O Bg4 11. e5 Bxf3 12. Bxf3 dxe5 13. fxe5 Nfd7 14. e6 Bd4+ 15. Kh1 Ne5 16. Bh6 Re8 17. exf7+ Nxf7 18. Qd2 Nd7 19. Bg4 Nde5 20. Be6 Re7 21. Bg5 Rc7 22. d6 Rd7 23. Bxd7 Nxd7 24. Qf4 Nde5 25.
Rae1 Qd8 26. Bxd8 1-0

[Event "*** Titled Tuesday Blitz"]
[Site "Chess.com"]
[Date "2020.10.27"]
[Round "10"]
[White "TengisChess"]
[Black "topotun"]
[Result "1/2-1/2"]
[WhiteElo "2630"]
[BlackElo "2761"]
[TimeControl "180+1"]
[EndTime "11:53:25 PDT"]
[Termination "Game drawn by agreement"]

1. e4 c6 2. d4 d5 3. exd5 cxd5 4. c4 Nf6 5. Nc3 e6 6. Bg5 Bb4 7. Nf3 h6 8. Bxf6 Qxf6 9. cxd5 exd5 10. Bb5+ Nc6 11.
O-O Bxc3 12. bxc3 O-O 13. Bxc6 Qxc6 14. Qb3 b6 15. Rfe1 Bf5 16. Ne5 Qd6 17. Re3 f6 18. Nd3 Bxd3 19. Rxd3 Rfe8 20. a4 Rac8 21. a5 bxa5 22. Qb5 Qa3 23. Qxd5+ Kh8 24. Rdd1 Qxc3 25.
Qxa5 Qxa5 26. Rxa5 Rcd8 27. Rxa7 Rxd4 28. Raa1 Rxd1+ 1/2-1/2

[Event "*** Titled Tuesday Blitz"]
[Site "Chess.com"]
[Date "2020.10.27"]
[Round "10"]
[White "ASVZ"]
[Black "gilbert_gm"]
[Result "0-1"]
[WhiteElo "2465"]
[BlackElo "2584"]
[TimeControl "180+1"]
[EndTime "11:53:25 PDT"]
[Termination "gilbert_gm won by resignation"]

1. e4 c6 2. d4 d5 3. e5 Bf5 4.
Nf3 e6 5. Be2 Nd7 6. a3 Ne7 7.
b4 a5 8. b5 Nc8 9. O-O Be7 10. a4 O-O 11. Ba3 c5 12. c4 dxc4 13. d5 exd5 14. Qxd5 Qc7 15. Qxc4 Nxe5 16. Nxe5 Qxe5 17.
Ra2 Be6 18. Qc3 Qxc3 19. Nxc3 Bxa2 20. Nxa2 Nb6 21. Nc3 Rfe8 22. Bf3 c4 23. Bb2 Rab8 24. Rd1 Bf6 25. h4 h6 26. Rd6 Re1+ 27. Kh2 Be5+ 28. Kh3 Bxd6 0-1

[Event "*** Titled Tuesday Blitz"]
[Site "Chess.com"]
[Date "2020.10.27"]
[Round "10"]
[White "Grandmaster2B"]
[Black "DenisQ"]
[Result "0-1"]
[WhiteElo "2488"]
[BlackElo "2640"]
[TimeControl "180+1"]
[EndTime "11:53:28 PDT"]
[Termination "DenisQ won by resignation"]

1. e4 c6 2. d4 d5 3. exd5 cxd5 4. Bd3 Nc6 5. c3 Nf6 6. h3 e5 7. dxe5 Nxe5 8. Nf3 Nxd3+ 9. Qxd3 Bc5 10. O-O O-O 11. Bg5 Be6 12. Nbd2 h6 13. Bh4 Re8 14. Nb3 Be7 15.
Nbd4 Qb6 16. Rab1 Bd7 17. Rfe1 Bc5 18. Re5 Rxe5 19. Nxe5 Bxd4 20. Qxd4 Qxd4 21. cxd4 g5 22. Bg3 Rc8 23. Nd3 Bf5 24. Rc1 Rc4 25. Rxc4 dxc4 26. Ne5 b5 27. Nc6 Bb1 28. Nxa7 b4 29. Nc6 c3 30. bxc3 bxc3 31. Nb4 Nd5 0-1

[Event "*** Titled Tuesday Blitz"]
[Site "Chess.com"]
[Date "2020.10.27"]
[Round "10"]
[White "indfraeng"]
[Black "northridgehawk"]
[Result "0-1"]
[WhiteElo "2341"]
[BlackElo "2273"]
[TimeControl "180+1"]
[EndTime "11:53:42 PDT"]
[Termination "northridgehawk won by checkmate"]

1. d4 Nf6 2. c4 g6 3. g3 Bg7 4. Bg2 d5 5. cxd5 Nxd5 6. Nf3 O-O 7.
O-O Nb6 8. Nc3 Nc6 9. e3 e5 10. d5 Na5 11. e4 c6 12. Bg5 f6 13. Be3 Nac4 14. Bc1 cxd5 15. exd5 Nd6 16. b3 e4 17.
Nd4 f5 18. Bb2 Re8 19. Rc1 Bd7 20. Qd2 Nf7 21. Rfd1 Bh6 22. Qe2 Bxc1 23. Rxc1 Ne5 24. Ncb5 Rc8 25. Rxc8 Nxc8 26. h4 Qb6 27. h5 Nd3 28. h6 a6 29. Na3 Nd6 30. Qc2 Rc8 31. Nc4 Nxc4 32. Nc6 Bxc6 33. bxc4 Qxb2 34. Qd1 Qxf2+ 35.
Kh2 Bd7 36. Qb3 f4 37. Qxb7 Qxg3+ 38. Kh1 f3 39. Bxf3 Nf2# 0-1

[Event "*** Titled Tuesday Blitz"]
[Site "Chess.com"]
[Date "2020.10.27"]
[Round "10"]
[White "Lady_Nika"]
[Black "suyu28"]
[Result "0-1"]
[WhiteElo "2468"]
[BlackElo "2609"]
[TimeControl "180+1"]
[EndTime "11:53:50 PDT"]
[Termination "suyu28 won by checkmate"]

1. d4 f5 2. e3 Nf6 3. Bd3 g6 4. f4 Bg7 5. Nf3 O-O 6. Nbd2 d6 7. O-O d5 8. Ne5 e6 9. c3 Nbd7 10. Qe2 Ne4 11. Nxe4 fxe4 12. Bc2 Nxe5 13. fxe5 a5 14. Bd2 b6 15. b3 a4 16. c4 Rxf1+ 17. Qxf1 Ba6 18.
Bb4 c5 19. dxc5 Bxe5 20. Rd1 bxc5 21. Bxc5 Qc7 22. Bd4 Bxh2+ 23. Kh1 Rf8 24. Qe2 Bd6 25. Qg4 Qe7 26. c5 Bc7 27. b4 e5 28. Bb2 Bc8 29. Qe2 Qh4+ 30. Kg1 d4 31. Qc4+ Kg7 32.
Qd5 Qf2+ 33. Kh1 Rf5 34. g4 Qf3+ 35. Kh2 Qf2+ 36. Kh1 Qh4+ 37. Kg1 Qxg4+ 38. Kh2 Rh5# 0-1

[Event "*** Titled Tuesday Blitz"]
[Site "Chess.com"]
[Date "2020.10.27"]
[Round "10"]
[White "Beca95"]
[Black "Semen_Khanin"]
[Result "1-0"]
[WhiteElo "2924"]
[BlackElo "2772"]
[TimeControl "180+1"]
[EndTime "11:53:58 PDT"]
[Termination "Beca95 won by resignation"]

1. e3 e5 2. c4 g6 3. h4 h5 4. Nf3 Bg7 5. Nc3 d6 6. b3 Nf6 7. Bb2 O-O 8. Ng5 Nh7 9. Nxh7 Kxh7 10. Be2 f5 11. Qc2 Nc6 12. a3 a5 13. O-O-O Be6 14. f3 f4 15. Bd3 Bf5 16. Ne4 Kg8 17. Kb1 Qe7 18. Rdg1 Bh6 19. g4 hxg4 20. fxg4 Bxe4 21.
Bxe4 fxe3 22. g5 Bg7 23. Bd5+ Rf7 24. h5 Kf8 25. dxe3 Rf5 26. hxg6 Rxg5 27. Rf1+ Ke8 28. Rf7 Kd7 29. Rh7 Rg1+ 30. Bc1 Rf8 31. Rhxg7 1-0

[Event "*** Titled Tuesday Blitz"]
[Site "Chess.com"]
[Date "2020.10.27"]
[Round "10"]
[White "Iskusnyh"]
[Black "GMJustin"]
[Result "1-0"]
[WhiteElo "2578"]
[BlackElo "2333"]
[TimeControl "180+1"]
[EndTime "11:54:09 PDT"]
[Termination "Iskusnyh won by resignation"]

1. d4 Nf6 2. c4 e6 3. g3 d5 4. Nf3 Be7 5. Bg2 O-O 6. O-O dxc4 7. Qa4 a6 8. Qxc4 b5 9. Qc2 Bb7 10. Bd2 Be4 11. Qc1 Nbd7 12. Ba5 Ra7 13. Nbd2 Ba8 14.
Qc2 Qb8 15. b4 Nb6 16. Rac1 Rc8 17. Ne5 Bxg2 18. Kxg2 c6 19. Nxc6 Qb7 20. Bxb6 1-0

[Event "*** Titled Tuesday Blitz"]
[Site "Chess.com"]
[Date "2020.10.27"]
[Round "10"]
[White "reniite"]
[Black "PawnEatingZombie"]
[Result "1-0"]
[WhiteElo "1945"]
[BlackElo "2157"]
[TimeControl "180+1"]
[EndTime "11:54:14 PDT"]
[Termination "reniite won by resignation"]

1. e4 c6 2. d4 d5 3. exd5 cxd5 4. c4 Nf6 5. Nf3 g6 6. Nc3 Bg7 7. c5 O-O 8. Ne5 Nc6 9. Nxc6 bxc6 10. Qa4 e5 11. dxe5 Ng4 12. Be2 Nxe5 13. O-O Bd7 14. Bf4 Re8 15. Rad1 Qc8 16. Ba6 Qc7 17. Rfe1 Re7 18.
Re2 Rae8 19. Rde1 h6 20. Bg3 g5 21. h4 f5 22. hxg5 hxg5 23. f4 gxf4 24. Bxf4 Ng6 25. Bxc7 1-0

[Event "*** Titled Tuesday Blitz"]
[Site "Chess.com"]
[Date "2020.10.27"]
[Round "10"]
[White "krasavetc"]
[Black "zurzan"]
[Result "1-0"]
[WhiteElo "2286"]
[BlackElo "2050"]
[TimeControl "180+1"]
[EndTime "11:54:20 PDT"]
[Termination "krasavetc won by resignation"]

1. e4 Nf6 2. Nf3 Nxe4 3. Bc4 d5 4. Bb3 c5 5. d4 c4 6. Ba4+ Nc6 7. Ne5 Bd7 8. Nxd7 Qxd7 9. O-O g6 10. Nc3 Nxc3 11.
bxc3 Bg7 12. Bf4 O-O 13. Rb1 a6 14. Rb6 Qf5 15. Bg3 e5 16. Rxb7 Na5 17. Rd7 exd4 18.
cxd4 Rfd8 19. Rxd8+ Rxd8 20. Bc7 Rc8 21. Bxa5 c3 22. Qf3 Qxf3 23. gxf3 Bxd4 24. Bb3 Rc6 25. Rd1 Rf6 26. Rxd4 Rxf3 27. Bxd5 Rf5 28. Bxc3 1-0

[Event "*** Titled Tuesday Blitz"]
[Site "Chess.com"]
[Date "2020.10.27"]
[Round "10"]
[White "GMaka"]
[Black "TrickyFortem"]
[Result "1-0"]
[WhiteElo "2409"]
[BlackElo "2534"]
[TimeControl "180+1"]
[EndTime "11:54:25 PDT"]
[Termination "GMaka won by resignation"]

1. d4 f5 2. Bg5 g6 3. Nc3 Bg7 4. e4 fxe4 5. Nxe4 b6 6. h4 Bb7 7. Bd3 Nc6 8. c3 d5 9. Ng3 Qd7 10. Nf3 O-O-O 11. Qe2 Kb8 12. O-O-O Nf6 13. Bb5 Qg4 14. Bxc6 Bxc6 15. Qxe7 Rd7 16. Qe3 Ne4 17. Ne5 Bxe5 18. dxe5 Nxg3 19. fxg3 Re8 20. Rd4 Qf5 21. Bf4 Rde7 22. Qf3 Kb7 23. g4 Qf7 24. h5 a5 25.
hxg6 hxg6 26. Rh6 Ka7 27. Qd3 Bb7 28. Qxg6 c5 29. Qxb6+ Ka8 30. Qxa5+ Kb8 31. e6+ 1-0

[Event "*** Titled Tuesday Blitz"]
[Site "Chess.com"]
[Date "2020.10.27"]
[Round "10"]
[White "Borsuk_Konstantin"]
[Black "Sankalp_Gupta2003"]
[Result "0-1"]
[WhiteElo "2579"]
[BlackElo "2718"]
[TimeControl "180+1"]
[EndTime "11:54:29 PDT"]
[Termination "Sankalp_Gupta2003 won by resignation"]

1. d4 Nf6 2. c4 g6 3. Nc3 Bg7 4.
e4 d6 5. f3 O-O 6. Be3 c5 7.
dxc5 dxc5 8. Qxd8 Rxd8 9. Bxc5 Nc6 10. Nd5 e6 11. Ne7+ Nxe7 12. Bxe7 Rd7 13. Ba3 b6 14.
Rd1 Ba6 15. Rxd7 Nxd7 16. f4 Bb7 17. e5 f6 18. exf6 Nxf6 19. Nf3 Nh5 20. Bd6 Bxf3 21.
gxf3 Bxb2 22. Bh3 Kf7 23. Kf2 Rd8 24. Be5 Bxe5 25. fxe5 Nf4 26. Bf1 Rd1 27. h4 Ra1 28. Ke3 Nh5 29. Bg2 Rxa2 30. Bh3 Ra3+ 31. Ke4 Ng3+ 0-1

[Event "*** Titled Tuesday Blitz"]
[Site "Chess.com"]
[Date "2020.10.27"]
[Round "10"]
[White "Bastiandash"]
[Black "Quiet_Desperation"]
[Result "1-0"]
[WhiteElo "2333"]
[BlackElo "2035"]
[TimeControl "180+1"]
[EndTime "11:54:31 PDT"]
[Termination "Bastiandash won by resignation"]

1. e4 e6 2. d4 d5 3. Bd3 Nf6 4. e5 Nfd7 5. c3 c5 6. Ne2 Nc6 7. O-O Be7 8. Kh1 O-O 9. f4 f5 10. exf6 Nxf6 11. Be3 Ng4 12. Bg1 cxd4 13. Nxd4 Nxd4 14.
Bxd4 e5 15. fxe5 Be6 16. Nd2 Bg5 17. Nf3 Bf4 18. Qc2 Nxh2 19. Bxh7+ Kh8 20. Qg6 Qh4 21. Nxh4 1-0

[Event "*** Titled Tuesday Blitz"]
[Site "Chess.com"]
[Date "2020.10.27"]
[Round "10"]
[White "ChessAurochs"]
[Black "bascheyaro"]
[Result "1-0"]
[WhiteElo "2561"]
[BlackElo "2726"]
[TimeControl "180+1"]
[EndTime "11:54:32 PDT"]
[Termination "ChessAurochs won by resignation"]

1. e4 e6 2. d4 d5 3. Nc3 Bb4 4. exd5 Qxd5 5. Nf3 c5 6. Bd2 Bxc3 7. Bxc3 Nf6 8.
dxc5 Qxc5 9. Qd4 Qxd4 10. Bxd4 Nc6 11. O-O-O Bd7 12. Ne5 Nxe5 13. Bxe5 Bc6 14. f3 O-O 15. Bd3 Rfd8 16. Rhe1 a6 17. b3 h6 18. Kb2 Rd7 19.
Bxf6 gxf6 20. Be4 Rc7 21. Rd6 Bxe4 22. Rxe4 Rac8 23. c4 f5 24. Red4 Kg7 25. Rd7 Kf6 26. Ka3 Ke5 27. f4+ Kf6 28. Kb4 h5 29. Rxc7 Rxc7 30.
Ka5 Rc6 31. Rd7 b5 32. cxb5 axb5 33. Kxb5 Rc2 34. a4 Rxg2 35. a5 Rxh2 36. a6 Ra2 37. Rd4 h4 38. Ra4 Rxa4 39. Kxa4 1-0